SAAA
TREMONT DOUBLEDAYS @ SAINT-JÉRÔME AMISH
08/24/2017
 
TOP OF THE 1ST
Tremont Doubledays batting - Pitching for Saint-Jérôme Amish : RHP Dave Reed
Pitching: RHP Dave Reed
Batting: SHB Tom Smith 0-0: Called Strike
0-1: Called Strike
0-2: Ball
1-2: Strikes out swinging
Batting: SHB Ludovico Bluemel 0-0: Called Strike
0-1: Foul Ball, location: 2F
0-2: Ball
1-2: SINGLE (Groundball, 3S)
Batting: SHB Carroll Kline 0-0: Ball
1-0: Foul Ball, location: 2F
1-1: SINGLE (Groundball, 34D)
Ludovico Bluemel to second
Runner from 2nd tries for 3rd, SAFE, throw made to third
Batting: LHB Arturo Acosta 0-0: Ball
1-0: Ball
2-0: Ball
3-0: Called Strike
3-1: Called Strike
3-2: Foul Ball, location: 2F
3-2: SINGLE (Groundball, 15) (infield hit)
Carroll Kline to second
Batting: RHB Steven Poe 0-0: Ball
1-0: Foul Ball, location: 2F
1-1: Called Strike
1-2: Ground out 4-3 (Groundball, 13)
Ludovico Bluemel scores
Carroll Kline to third
Arturo Acosta to second
Batting: RHB Juan Benítez 0-0: Ball
1-0: Ball
2-0: SINGLE (Groundball, 56)
Carroll Kline scores
Arturo Acosta to third
Runner from 3rd tries for Home, SAFE, throw made home
Batting: RHB Billy Fitzgerald 0-0: Ball
1-0: Ball
2-0: Foul Ball, location: 2F
2-1: Called Strike
2-2: Ball
3-2: Foul Ball, location: 2F
3-2: Foul Ball, location: 2F
3-2: Foul Ball, location: 2F
3-2: Foul Ball, location: 2F
3-2: Foul Ball, location: 2F
3-2: Foul Ball, location: 2F
3-2: Base on Balls
Juan Benítez to second
Batting: RHB Floyd Banks 0-0: Ball
1-0: Ball
2-0: Ball
3-0: Base on Balls
Juan Benítez to third
Billy Fitzgerald to second
Batting: RHB Manny Rodríguez 0-0: Called Strike
0-1: Foul Ball, location: 2F
0-2: Ball
1-2: Foul Ball, location: 2F
1-2: Strikes out swinging
Top of the 1st over - 3 run(s), 4 hit(s), 0 error(s), 3 left on base; Tremont 3 - Saint-Jérôme 0
BOTTOM OF THE 1ST
Saint-Jérôme Amish batting - Pitching for Tremont Doubledays : RHP Manuel Delgado
Pitching: RHP Manuel Delgado
Batting: RHB Domingo Navarro 0-0: Ball
1-0: Ball
2-0: Ball
3-0: Called Strike
3-1: Called Strike
3-2: Foul Ball, location: 2F
3-2: SOLO HOME RUN (Flyball, 7LD), Distance : 366 ft
Batting: RHB Spencer Curry 0-0: Swinging Strike
0-1: Foul Ball, location: 2F
0-2: Foul Ball, location: 2F
0-2: Ball
1-2: SINGLE (Groundball, 34D)
Batting: RHB Edmund Gallagher 0-0: Ball
1-0: Ball
2-0: SINGLE (Line Drive, 8LS)
Spencer Curry to second
Batting: RHB Kent Jackson 0-0: Foul Ball, location: 2F
0-1: Swinging Strike
0-2: Strikes out swinging
Batting: RHB Randy García 0-0: Ball
1-0: Foul Ball, location: 2F
1-1: Ball
2-1: Ball
3-1: Ground out 4-3 (Groundball, 4M)
Spencer Curry to third
Edmund Gallagher to second
Batting: RHB Fernando Díaz 0-0: 3-RUN HOME RUN (Flyball, 7LD), Distance : 351 ft
Batting: LHB Jon MacIntyre 0-0: Ball
1-0: Ball
2-0: Ball
3-0: Called Strike
3-1: Foul Ball, location: 2F
3-2: Foul Ball, location: 2F
3-2: Fly out, F5 (Popup, 56)
Bottom of the 1st over - 4 run(s), 4 hit(s), 0 error(s), 0 left on base; Tremont 3 - Saint-Jérôme 4
TOP OF THE 2ND
Tremont Doubledays batting - Pitching for Saint-Jérôme Amish : RHP Dave Reed
Batting: SHB Tom Smith 0-0: Called Strike
0-1: Ball
1-1: Reached on error, E1 (Groundball, 23)
Batting: SHB Ludovico Bluemel 0-0: Ball
1-0: Ball
2-0: Foul Ball, location: 2F
2-1: SINGLE (Groundball, 56D)
Tom Smith to second
Batting: SHB Carroll Kline 0-0: Foul Ball, location: 2F
0-1: DOUBLE (Line Drive, 8LM)
Tom Smith scores
Ludovico Bluemel to third
Batting: LHB Arturo Acosta 0-0: Ball
1-0: Ball
2-0: Called Strike
2-1: Called Strike
2-2: Strikes out swinging
Batting: RHB Steven Poe 0-0: Ball
1-0: Ball
2-0: Foul Ball, location: 2F
2-1: Foul Ball, location: 2F
2-2: Foul Ball, location: 2F
2-2: Strikes out looking
Batting: RHB Juan Benítez 0-0: Ball
1-0: Called Strike
1-1: Ground out 4-3 (Groundball, 4)
Top of the 2nd over - 1 run(s), 2 hit(s), 1 error(s), 2 left on base; Tremont 4 - Saint-Jérôme 4
BOTTOM OF THE 2ND
Saint-Jérôme Amish batting - Pitching for Tremont Doubledays : RHP Manuel Delgado
Batting: RHB Martin Young 0-0: Fly out, F7 (Line Drive, 7M)
Batting: RHB Bartolo Martínez 0-0: Swinging Strike
0-1: Ground out 6-3 (Groundball, 6S)
Batting: RHB Domingo Navarro 0-0: Ball
1-0: Called Strike
1-1: Foul Ball, location: 2F
1-2: Foul Ball, location: 2F
1-2: Strikes out swinging
Bottom of the 2nd over - 0 run(s), 0 hit(s), 0 error(s), 0 left on base; Tremont 4 - Saint-Jérôme 4
TOP OF THE 3RD
Tremont Doubledays batting - Pitching for Saint-Jérôme Amish : RHP Dave Reed
Batting: RHB Billy Fitzgerald 0-0: Ball
1-0: SINGLE (Groundball, 6MD)
Batting: RHB Floyd Banks 0-0: Fly out, F7 (Flyball, 7M)
Batting: RHB Manny Rodríguez 0-0: Called Strike
0-1: Ball
1-1: Fly out, F9 (Flyball, 89M)
Batting: SHB Tom Smith 0-0: Called Strike
0-1: Foul Ball, location: 2F
0-2: Ball
1-2: Ball
2-2: 2-RUN HOME RUN (Flyball, 89XD) (Inside the Park)
Batting: SHB Ludovico Bluemel 0-0: Ball
1-0: Called Strike
1-1: Ball
2-1: SINGLE (Popup, 34D)
Pitching: RHP Alexander Allen
Batting: SHB Carroll Kline 0-0: Ball
1-0: Foul Ball, location: 2F
1-1: Swinging Strike
1-2: Strikes out looking
Top of the 3rd over - 2 run(s), 3 hit(s), 0 error(s), 1 left on base; Tremont 6 - Saint-Jérôme 4
BOTTOM OF THE 3RD
Saint-Jérôme Amish batting - Pitching for Tremont Doubledays : RHP Manuel Delgado
Batting: RHB Spencer Curry 0-0: Foul Ball, location: 2F
0-1: Ball
1-1: Swinging Strike
1-2: Fly out, F4 (Popup, 4D)
Batting: RHB Edmund Gallagher 0-0: Called Strike
0-1: Ball
1-1: Ball
2-1: Ball
3-1: DOUBLE (Flyball, 8LXD)
Batting: RHB Kent Jackson 0-0: Ball
1-0: Ball
2-0: Ball
3-0: Base on Balls
Batting: RHB Randy García 0-0: Called Strike
0-1: Foul Ball, location: 2F
0-2: Strikes out looking
Batting: RHB Fernando Díaz 0-0: SINGLE (Line Drive, 34)
Edmund Gallagher to third
Kent Jackson to second
Runner from 3rd tries for Home, SAFE, no throw or cutoff
Pitching: RHP José Cabrera
Batting: LHB Jon MacIntyre 0-0: SINGLE (Groundball, 34D)
Kent Jackson to third
Fernando Díaz to second
Runner from 3rd tries for Home, SAFE, no throw or cutoff
Batting: RHB Martin Young 0-0: Ground out 3-1 (Groundball, 34)
Bottom of the 3rd over - 2 run(s), 3 hit(s), 0 error(s), 2 left on base; Tremont 6 - Saint-Jérôme 6
TOP OF THE 4TH
Tremont Doubledays batting - Pitching for Saint-Jérôme Amish : RHP Alexander Allen
Batting: LHB Arturo Acosta 0-0: Ball
1-0: Ball
2-0: Foul Ball, location: 2F
2-1: Foul Ball, location: 2F
2-2: DOUBLE (Groundball, 3L)
Batting: RHB Steven Poe 0-0: Called Strike
0-1: Ball
1-1: Swinging Strike
1-2: Ball
2-2: Foul Ball, location: 2F
2-2: Foul Ball, location: 2F
2-2: Strikes out looking
Batting: RHB Juan Benítez 0-0: Ball
1-0: Called Strike
1-1: SINGLE (Line Drive, 34)
Arturo Acosta to third
Batting: RHB Billy Fitzgerald 0-0: Fly out, F4 (Popup, 4D)
Batting: RHB Floyd Banks 0-0: Called Strike
0-1: Called Strike
0-2: SINGLE (Groundball, 5D)
Arturo Acosta scores
Juan Benítez to second
Batting: RHB Manny Rodríguez 0-0: Ball
1-0: Called Strike
1-1: Foul Ball, location: 2F
1-2: Ball
2-2: Strikes out swinging
Top of the 4th over - 1 run(s), 3 hit(s), 0 error(s), 2 left on base; Tremont 7 - Saint-Jérôme 6
BOTTOM OF THE 4TH
Saint-Jérôme Amish batting - Pitching for Tremont Doubledays : RHP José Cabrera
Batting: RHB Bartolo Martínez 0-0: Ball
1-0: Ball
2-0: Ball
3-0: Called Strike
3-1: Foul Ball, location: 2F
3-2: Foul Ball, location: 2F
3-2: Foul Ball, location: 2F
3-2: Base on Balls
Batting: RHB Domingo Navarro 0-0: Ball
1-0: Ball
2-0: Ball
3-0: Base on Balls
Bartolo Martínez to second
Batting: RHB Spencer Curry 0-0: Swinging Strike
0-1: Foul Ball, location: 2F
0-2: Strikes out swinging
Batting: RHB Edmund Gallagher 0-0: Grounds into double play, 5-4-3 (Groundball, 5)
Bottom of the 4th over - 0 run(s), 0 hit(s), 0 error(s), 1 left on base; Tremont 7 - Saint-Jérôme 6
TOP OF THE 5TH
Tremont Doubledays batting - Pitching for Saint-Jérôme Amish : RHP Alexander Allen
Batting: SHB Tom Smith 0-0: Called Strike
0-1: Foul Ball, location: 2F
0-2: Ball
1-2: Strikes out swinging
Batting: SHB Ludovico Bluemel 0-0: Called Strike
0-1: Ball
1-1: Ball
2-1: Ball
3-1: Base on Balls
Batting: SHB Carroll Kline 0-0: Ball
1-0: Ball
2-0: Called Strike
2-1: Grounds into double play, 5-4-3 (Groundball, 56)
Top of the 5th over - 0 run(s), 0 hit(s), 0 error(s), 0 left on base; Tremont 7 - Saint-Jérôme 6
BOTTOM OF THE 5TH
Saint-Jérôme Amish batting - Pitching for Tremont Doubledays : RHP José Cabrera
Batting: RHB Kent Jackson 0-0: Ball
1-0: Swinging Strike
1-1: Foul Ball, location: 2F
1-2: Strikes out swinging
Batting: RHB Randy García 0-0: Ball
1-0: SINGLE (Line Drive, 8LS)
Batting: RHB Fernando Díaz 0-0: Called Strike
0-1: Ball
1-1: Called Strike
1-2: SINGLE (Groundball, 34)
Randy García to second
Runner from 2nd tries for 3rd, SAFE, throw made to third
Batting: LHB Jon MacIntyre 0-0: Called Strike
0-1: Ball
1-1: Ball
2-1: Fly out, F8 (Flyball, 8RM)
Runner from 3rd tags up, SCORES, throw made
Batting: RHB Martin Young 0-0: Ball
1-0: Swinging Strike
1-1: Ground out 4-3 (Groundball, 4)
Bottom of the 5th over - 1 run(s), 2 hit(s), 0 error(s), 1 left on base; Tremont 7 - Saint-Jérôme 7
TOP OF THE 6TH
Tremont Doubledays batting - Pitching for Saint-Jérôme Amish : RHP Alexander Allen
Pitching: RHP Jon Aris
Batting: LHB Arturo Acosta 0-0: Ball
1-0: Foul Ball, location: 2F
1-1: Swinging Strike
1-2: Foul Ball, location: 2F
1-2: Strikes out looking
Batting: RHB Steven Poe 0-0: Ball
1-0: DOUBLE (Flyball, 78M)
Batting: RHB Juan Benítez 0-0: Ball
1-0: Called Strike
1-1: Ball
2-1: Foul Ball, location: 2F
2-2: Strikes out looking
Batting: RHB Billy Fitzgerald 0-0: Ball
1-0: Swinging Strike
1-1: Foul Ball, location: 2F
1-2: Ball
2-2: Foul Ball, location: 2F
2-2: Foul Ball, location: 2F
2-2: Ball
3-2: Strikes out swinging
Top of the 6th over - 0 run(s), 1 hit(s), 0 error(s), 1 left on base; Tremont 7 - Saint-Jérôme 7
BOTTOM OF THE 6TH
Saint-Jérôme Amish batting - Pitching for Tremont Doubledays : RHP José Cabrera
Batting: RHB Bartolo Martínez 0-0: Ball
1-0: Called Strike
1-1: Ball
2-1: Fly out, F7 (Line Drive, 7M)
Batting: RHB Domingo Navarro 0-0: Ball
1-0: Ball
2-0: Called Strike
2-1: SINGLE (Line Drive, 89S)
Batting: RHB Spencer Curry 0-0: Ball
1-0: SINGLE (Line Drive, 6M)
Domingo Navarro to second
Pitching: RHP Robert Preston
Batting: RHB Edmund Gallagher 0-0: Ball
1-0: Foul Ball, location: 2F
1-1: Swinging Strike
1-2: Ball
2-2: Fly out, F9 (Flyball, 9M)
Batting: RHB Kent Jackson 0-0: Ball
1-0: Called Strike
1-1: DOUBLE (Flyball, 78D)
Domingo Navarro scores
Spencer Curry to third
Runner from 3rd tries for Home, SAFE, no throw or cutoff
Batting: RHB Randy García 0-0: Intentional Walk
Batting: RHB Fernando Díaz 0-0: Ball
1-0: Ball
2-0: Called Strike
2-1: Fly out, F7 (Flyball, 7M)
Bottom of the 6th over - 2 run(s), 3 hit(s), 0 error(s), 2 left on base; Tremont 7 - Saint-Jérôme 9
TOP OF THE 7TH
Tremont Doubledays batting - Pitching for Saint-Jérôme Amish : RHP Jon Aris
Batting: RHB Floyd Banks 0-0: Swinging Strike
0-1: Ball
1-1: Called Strike
1-2: Ground out 6-3 (Groundball, 6)
Batting: RHB Manny Rodríguez 0-0: Ball
1-0: Foul Ball, location: 2F
1-1: Ball
2-1: Swinging Strike
2-2: Foul Ball, location: 2F
2-2: Strikes out swinging
Batting: SHB Tom Smith 0-0: Called Strike
0-1: Ball
1-1: Called Strike
1-2: Foul Ball, location: 2F
1-2: Ground out 6-3 (Groundball, 6M)
Top of the 7th over - 0 run(s), 0 hit(s), 0 error(s), 0 left on base; Tremont 7 - Saint-Jérôme 9
BOTTOM OF THE 7TH
Saint-Jérôme Amish batting - Pitching for Tremont Doubledays : RHP Robert Preston
Batting: LHB Jon MacIntyre 0-0: Fly out, F7 (Flyball, 7LM)
Batting: RHB Martin Young 0-0: Ball
1-0: Ball
2-0: Ball
3-0: Base on Balls
Batting: RHB Bartolo Martínez 0-0: Ball
1-0: Ball
Martin Young steals 2nd base
2-0: Called Strike
2-1: Foul Ball, location: 2F
2-2: Foul Ball, location: 2F
2-2: Strikes out swinging
Batting: RHB Domingo Navarro 0-0: Called Strike
0-1: Swinging Strike
0-2: Ball
Wild Pitch!
Martin Young to third
1-2: Ball
2-2: Ground out 4-3 (Groundball, 4)
Bottom of the 7th over - 0 run(s), 0 hit(s), 0 error(s), 1 left on base; Tremont 7 - Saint-Jérôme 9
TOP OF THE 8TH
Tremont Doubledays batting - Pitching for Saint-Jérôme Amish : RHP Jon Aris
Pitching: RHP Jim Unknown
Batting: SHB Ludovico Bluemel 0-0: Called Strike
0-1: Ball
1-1: DOUBLE (Line Drive, 78M)
Batting: SHB Carroll Kline 0-0: Ball
1-0: Ball
2-0: Foul Ball, location: 2F
2-1: Ball
3-1: Foul Ball, location: 2F
3-2: Base on Balls
Batting: LHB Arturo Acosta 0-0: Swinging Strike
0-1: Ball
1-1: Ball
2-1: Swinging Strike
2-2: Ball
3-2: Base on Balls
Ludovico Bluemel to third
Carroll Kline to second
Pinch Hitting: RHB Juan Torres 0-0: Called Strike
0-1: Called Strike
0-2: Ball
1-2: SINGLE (Line Drive, 8LS)
Ludovico Bluemel scores
Carroll Kline to third
Arturo Acosta to second
Batting: RHB Juan Benítez 0-0: Grounds into double play, 4-2-3 (Groundball, 4)
Arturo Acosta to third
Juan Torres to second
Batting: RHB Billy Fitzgerald 0-0: Ball
1-0: Foul Ball, location: 2F
1-1: Ball
2-1: 3-RUN HOME RUN (Flyball, 7D), Distance : 369 ft
Batting: RHB Floyd Banks 0-0: Ball
1-0: Ball
2-0: SINGLE (Line Drive, 89S)
Pitching: RHP Gerd Jans
Batting: RHB Manny Rodríguez 0-0: Ball
1-0: Ball
2-0: Ball
3-0: Called Strike
3-1: Foul Ball, location: 2F
3-2: Strikes out swinging
Top of the 8th over - 4 run(s), 4 hit(s), 0 error(s), 1 left on base; Tremont 11 - Saint-Jérôme 9
BOTTOM OF THE 8TH
Saint-Jérôme Amish batting - Pitching for Tremont Doubledays : RHP Robert Preston
Now in LF: Zarek Psaroulakis
Batting: RHB Spencer Curry 0-0: Called Strike
0-1: Ball
1-1: Called Strike
1-2: Strikes out swinging
Pitching: RHP Ramón Lara
Batting: RHB Edmund Gallagher 0-0: Ground out 6-3 (Groundball, 6M)
Batting: RHB Kent Jackson 0-0: Ground out 4-3 (Groundball, 4M)
Bottom of the 8th over - 0 run(s), 0 hit(s), 0 error(s), 0 left on base; Tremont 11 - Saint-Jérôme 9
TOP OF THE 9TH
Tremont Doubledays batting - Pitching for Saint-Jérôme Amish : RHP Gerd Jans
Batting: SHB Tom Smith 0-0: Ground out U3 (Groundball, 3L)
Batting: SHB Ludovico Bluemel 0-0: Called Strike
0-1: Swinging Strike
0-2: Ball
1-2: Foul Ball, location: 2F
1-2: Foul Ball, location: 2F
1-2: Ball
2-2: Ball
3-2: Foul Ball, location: 2F
3-2: Base on Balls
Batting: SHB Carroll Kline 0-0: Swinging Strike
0-1: Swinging Strike
0-2: Strikes out looking
Batting: LHB Arturo Acosta 0-0: Ball
1-0: Ball
2-0: Ball
3-0: Base on Balls
Ludovico Bluemel to second
Pitching: RHP Gilberto Soto
Batting: LHB Zarek Psaroulakis 0-0: Called Strike
0-1: Foul Ball, location: 2F
0-2: Foul Ball, location: 2F
0-2: Strikes out swinging
Top of the 9th over - 0 run(s), 0 hit(s), 0 error(s), 2 left on base; Tremont 11 - Saint-Jérôme 9
BOTTOM OF THE 9TH
Saint-Jérôme Amish batting - Pitching for Tremont Doubledays : RHP Ramón Lara
Pitching: RHP Pedro Castro
Batting: RHB Randy García 0-0: SINGLE (Flyball, 8LS)
Pinch Hitting: RHB Jim Unknown 0-0: Called Strike
0-1: Fly out, F6 (Popup, 5D)
Batting: LHB Jon MacIntyre 0-0: Swinging Strike
0-1: Ball
1-1: Ball
2-1: Called Strike
2-2: Reached on error, E4 (Groundball, 4)
Randy García to second
Pinch Hitting: LHB Dave Stafford 0-0: Ball
1-0: Foul Ball, location: 2F
1-1: SINGLE (Line Drive, 56D)
Randy García to third
Jon MacIntyre to second
Pinch Hitting: RHB Randall Parkinson 0-0: Ball
1-0: Ball
2-0: Fly out, F9 (Flyball, 9D)
Runner from 3rd tags up, SCORES, no throw
Batting: RHB Domingo Navarro 0-0: Called Strike
0-1: Fly out, F9 (Line Drive, 9S)
Bottom of the 9th over - 1 run(s), 2 hit(s), 1 error(s), 2 left on base; Tremont 11 - Saint-Jérôme 10
This league is powered by Out of the Park Baseball, the baseball management simulation game for PC, Mac and Linux
Saturday, February 27th, 2021 - OOTP Baseball 15.6 Build 34